 Dungeon Crawl Stone Soup version 0.28.0-45-g0d030f2227 (webtiles) character file.

Game seed: 17821115164571817474

812 Ablot the Grasshopper (level 7, -2/55 (56) HPs)
             Began as a Gnoll Warper on Apr 7, 2022.
             Was an Initiate of Dithmenos.
             Killed from afar by Dowan (4 damage)
             ... with a stone arrow
             ... on level 5 of the Dungeon on Apr 8, 2022.
             The game lasted 00:08:30 (6355 turns).

Ablot the Grasshopper (Gnoll Warper)                Turns: 6355, Time: 00:08:31

HP:   -2/55 (56)    AC: 11    Str: 13    XL:     7   Next: 93%
MP:   15/15         EV: 13    Int: 18    God:    Dithmenos [......]
Gold: 57            SH:  0    Dex: 11    Spells: 15/17 levels left

rFire   . . .      SeeInvis .   v - +6 rapier "Gentedi" {pain, Will+}
rCold   . . .      Faith    .   (no shield)
rNeg    + . .      Spirit   .   b - +3 leather armour
rPois   .          Reflect  .   m - +1 helmet
rElec   .          Harm     .   (no cloak)
rCorr   .          Rampage  .   l - +2 pair of gloves
Will    +....                   (no boots)
Stlth   ++........              (no amulet)
HPRegen 0.18/turn               j - +6 ring of intelligence
MPRegen 0.14/turn               n - ring of positive energy

@: lightly drained
A: fangs 1, strong nose, distributed training
a: Renounce Religion


You were on level 5 of the Dungeon.
You worshipped Dithmenos.
Dithmenos was noncommittal.
You visited 2 branches of the dungeon, and saw 6 of its levels.

You collected 158 gold pieces.
You spent 101 gold pieces at shops.

Inventory:

Hand Weapons
 a - a +0 trident
 v - the +6 rapier "Gentedi" (weapon) {pain, Will+}
   (You found it on level 3 of the Dungeon)

   In the hands of one skilled in necromantic magic, it inflicts extra damage on
   living creatures.
   Will:      It increases your willpower.
Missiles
 d - 5 boomerangs of dispersal
 h - 90 stones
 i - 35 sling bullets
 u - 20 bolts
 y - 29 arrows
 B - 2 poisoned darts (quivered)
Armour
 b - a +3 leather armour (worn)
 l - a +2 pair of gloves (worn)
 m - a +1 helmet (worn)
 D - a +2 buckler
Jewellery
 j - a +6 ring of intelligence (left hand)
 n - a ring of positive energy (right hand)
Wands
 t - a wand of iceblast (8)
Scrolls
 c - 2 scrolls of blinking
 e - a scroll of identify
 f - 4 scrolls of teleportation
 g - a scroll of enchant weapon {unknown}
 o - a scroll of immolation {unknown}
 x - 2 scrolls of fog {unknown}
 z - a scroll of enchant armour {unknown}
 A - a scroll of noise {unknown}
 C - a scroll of fear {unknown}
Potions
 k - a potion of lignification
 p - 2 potions of curing
 q - a potion of might
 r - a potion of heal wounds
 s - a potion of attraction
 w - 2 potions of brilliance


   Skills:
 + Level 5.4 Fighting
 + Level 2.8 Short Blades
 + Level 2.8 Long Blades
 + Level 2.8 Axes
 + Level 2.8 Maces & Flails
 + Level 5.4 Polearms
 + Level 2.8 Staves
 + Level 2.8 Slings
 + Level 2.8 Bows
 + Level 2.8 Crossbows
 + Level 3.8 Throwing
 + Level 3.8 Armour
 + Level 5.4 Dodging
 + Level 2.8 Stealth
 + Level 2.8 Shields
 + Level 2.8 Unarmed Combat
 + Level 5.8 Spellcasting
 + Level 2.2 Conjurations
 + Level 2.2 Hexes
 + Level 2.2 Summonings
 + Level 2.2 Necromancy
 + Level 5.9 Translocations
 + Level 2.2 Transmutations
 + Level 2.2 Fire Magic
 + Level 2.2 Ice Magic
 + Level 2.2 Air Magic
 + Level 2.2 Earth Magic
 + Level 2.2 Poison Magic
 + Level 3.1 Invocations
 + Level 2.8 Evocations


You had 15 spell levels left.
You knew the following spells:

 Your Spells              Type           Power      Damage    Failure   Level
a - Blink                 Tloc           52%        N/A       1%          2

Your spell library contained the following spells:

 Spells                   Type           Power      Damage    Failure   Level
 Gell's Gravitas          Tloc           26%        N/A       3%          3
 Lesser Beckoning         Tloc           26%        N/A       3%          3
 Teleport Other           Tloc           26%        N/A       3%          3
 Manifold Assault         Tloc           26%        N/A       34%         5


Dungeon Overview and Level Annotations

Branches:
Dungeon (5/15)             Temple (1/1) D:5

Altars:
Ashenzari
Cheibriados
Dithmenos
Elyvilon
Gozag
Hepliaklqana
Makhleb
Nemelex Xobeh
Okawaru
Qazlal
Sif Muna
Trog
Uskayaw
Wu Jian
Xom
Yredelemnul
Zin
The Shining One

Shops:
D:5 *

Annotations:
D:5 exclusion: steam dragon, Dowan


Innate Abilities, Weirdness & Mutations

You have very sharp teeth.
Your uncanny sense of smell can sniff out nearby items.
Your experience applies equally to all skills.


Message History

Dowan points at you and mumbles some strange words.
The shard of ice hits you!
* * * LOW HITPOINT WARNING * * *
Dowan mumbles some strange words.
Dowan blinks!
Throw: dart (poison)
Press: ? - help, Q - select action, (/) - cycle Shift-Dir - straight line, f - Dowan
Aim: Dowan, wielding a +0 dagger of draining and wearing a +0 robe (moderately wounded, fast, 48% to hit)
You throw a poisoned dart. The poisoned dart barely misses Dowan.
Dowan casts a spell.
Dowan blinks!
Things that are here:
a +0 rapier; a +0 ring mail You see here 2 poisoned darts.
B - 2 poisoned darts Throw: 2 darts (poison)
Press: ? - help, Q - select action, (/) - cycle Shift-Dir - straight line, f/p - Dowan
Aim: Dowan, wielding a +0 dagger of draining and wearing a +0 robe (moderately wounded, fast, 48% to hit)
You throw a poisoned dart. The poisoned dart hits Dowan!
Dowan is poisoned.
Dowan is moderately wounded.
Dowan casts a spell at you. The stone arrow hits you!
* * * LOW HITPOINT WARNING * * *
You see here a poisoned dart.
You feel much better.
B - 2 poisoned darts (gained 1) Dowan hits you with a +0 dagger of draining.
* * * LOW HITPOINT WARNING * * *
You partially resist.
You feel drained.
You closely miss Dowan. Your bite misses Dowan.
Dowan is moderately wounded.
Dowan casts a spell at you. The stone arrow hits you!
* * * LOW HITPOINT WARNING * * *
Dowan hits you but does no damage. You partially resist.
You puncture Dowan!
Dowan is severely wounded.
Dowan casts a spell at you. The stone arrow hits you.
You die...

##....#####. #.#.......
#.######## ####### #.# #
e.<..# #.# ## .l#.# #.#
##. # ##.#.# ##.## ##..
#$..#..#.######...####...
......>.@e)..(.......+...
#...#.##.###....(.####...
# # #.# #...#.## ##.. ..#
#...### ##. #### ##.## ##
#.# # #.# #.# #.# #


You could see Dowan (fast, poisoned).

Vanquished Creatures
  Menkaure (D:5)
  Duvessa (D:5)
  A bullfrog (D:4)
  5 wights (D:5)
  2 hounds
  2 iguanas
  An orc wizard (D:3)
  Robin (D:2)
  3 gnolls (D:3)
  4 adders
  An ufetubus (D:3)
  3 worms
  A dart slug (D:1)
  7 orcs (D:3)
  3 endoplasms
  5 giant cockroaches
  14 goblins
  10 hobgoblins
  7 jackals
  5 kobolds
  8 quokkas
  6 ball pythons
  6 bats
  2 frilled lizards (D:1)
  6 rats
  A toadstool (D:1)
106 creatures vanquished.

Vanquished Creatures (others)
  3 toadstools (D:1)
3 creatures vanquished.

Grand Total: 109 creatures vanquished

Notes
Turn   | Place    | Note
-------+----------+-------------------------------------------
     0 | D:1      | Ablot the Gnoll Warper began the quest for the Orb.
     0 | D:1      | Reached XP level 1. HP: 20/20 MP: 6/6
    69 | D:1      | Reached XP level 2. HP: 26/26 MP: 7/7
    72 | D:1      | Learned a level 2 spell: Blink
   437 | D:1      | Reached XP level 3. HP: 18/31 MP: 9/9
   451 | D:1      | Reached skill level 5 in Spellcasting
   714 | D:1      | Found a faded altar of an unknown god.
  1211 | D:2      | Noticed Robin
  1229 | D:2      | Reached skill level 1 in Invocations
  1466 | D:1      | Reached skill level 1 in Short Blades
  1466 | D:1      | Reached skill level 1 in Long Blades
  1466 | D:1      | Reached skill level 1 in Axes
  1466 | D:1      | Reached skill level 1 in Maces & Flails
  1466 | D:1      | Reached skill level 1 in Staves
  1466 | D:1      | Reached skill level 1 in Slings
  1466 | D:1      | Reached skill level 1 in Bows
  1466 | D:1      | Reached skill level 1 in Crossbows
  1466 | D:1      | Reached skill level 1 in Stealth
  1466 | D:1      | Reached skill level 1 in Shields
  1466 | D:1      | Reached skill level 1 in Unarmed Combat
  1466 | D:1      | Reached skill level 1 in Evocations
  1732 | D:1      | Reached XP level 4. HP: 34/38 MP: 11/11
  1781 | D:2      | Killed Robin
  2038 | D:2      | Found a broken altar of Ashenzari.
  2700 | D:3      | Reached skill level 1 in Conjurations
  2700 | D:3      | Reached skill level 1 in Hexes
  2700 | D:3      | Reached skill level 1 in Summonings
  2700 | D:3      | Reached skill level 1 in Necromancy
  2700 | D:3      | Reached skill level 1 in Transmutations
  2700 | D:3      | Reached skill level 1 in Fire Magic
  2700 | D:3      | Reached skill level 1 in Ice Magic
  2700 | D:3      | Reached skill level 1 in Air Magic
  2700 | D:3      | Reached skill level 1 in Earth Magic
  2700 | D:3      | Reached skill level 1 in Poison Magic
  2831 | D:3      | Reached XP level 5. HP: 32/43 MP: 12/12
  3354 | D:3      | Identified the +6 rapier "Gentedi" {pain, Will+}
  3703 | D:4      | Reached XP level 6. HP: 38/50 MP: 13/13
  3985 | D:4      | Reached skill level 5 in Fighting
  3985 | D:4      | Reached skill level 5 in Polearms
  3985 | D:4      | Reached skill level 5 in Dodging
  4718 | D:4      | Found an opulent altar of Gozag.
  4763 | D:5      | Entered Level 5 of the Dungeon
  4841 | D:5      | Found Agimeps's Assorted Antiques.
  4844 | D:5      | Bought a scroll labelled ZOUB FIUPSOT for 26 gold pieces
  4844 | D:5      | Bought a scroll labelled SOCORI OWKEB for 26 gold pieces
  4844 | D:5      | Bought a scroll labelled ZOUB FIUPSOT for 26 gold pieces
  4844 | D:5      | Bought a puce potion for 23 gold pieces
  4931 | D:5      | Found a staircase to the Ecumenical Temple.
  4937 | Temple   | Entered the Ecumenical Temple
  5131 | Temple   | Became a worshipper of Dithmenos the Shadowed
  5185 | D:5      | Found a broken altar of Ashenzari.
  5521 | D:5      | Reached XP level 7. HP: 55/56 MP: 15/15
  5694 | D:5      | Noticed Menkaure
  5703 | D:5      | Killed Menkaure
  6018 | D:5      | Noticed a steam dragon
  6315 | D:5      | Noticed Duvessa
  6326 | D:5      | Noticed Dowan
  6339 | D:5      | Killed Duvessa
  6354 | D:5      | HP: 2/55 [Dowan/stone arrow (14)]
  6355 | D:5      | Killed from afar by Dowan

Illustrated notes

Levels and vault maps discovered:
D:1:      ldierk_water_garden, layout_loops_ring,
          chequers_ecumenical_altar_simple
D:2:      layout_loops_cross, basic_altar, uniq_robin
D:3:      layout_loops_cross
D:4:      layout_basic, nicolae_gozag_cash_rules_everything_around_me
D:5:      kennysheep_steamy, layout_loops_corners, lemuel_round_altar,
          minmay_temple_entry_hall, serial_shops, nicolae_stop_n_shop_2,
          uniq_pikel, uniq_duvessa, uniq_menkaure
Temple:   eino_temple_rhombus

Skill      XL: |  1  2  3  4  5  6  7 |
---------------+----------------------+-----
Spellcasting   | 5 |  5.8
Invocations    | 1 2 3 |  3.1
Short Blades   | 1 2 |  2.8
Long Blades    | 1 2 |  2.8
Axes           | 1 2 |  2.8
Maces & Flails | 1 2 |  2.8
Staves         | 1 2 |  2.8
Slings         | 1 2 |  2.8
Bows           | 1 2 |  2.8
Crossbows      | 1 2 |  2.8
Stealth        | 1 2 |  2.8
Shields        | 1 2 |  2.8
Unarmed Combat | 1 2 |  2.8
Evocations     | 1 2 |  2.8
Conjurations   | 1 2 |  2.2
Hexes          | 1 2 |  2.2
Summonings     | 1 2 |  2.2
Necromancy     | 1 2 |  2.2
Transmutations | 1 2 |  2.2
Fire Magic     | 1 2 |  2.2
Ice Magic      | 1 2 |  2.2
Air Magic      | 1 2 |  2.2
Earth Magic    | 1 2 |  2.2
Poison Magic   | 1 2 |  2.2
Throwing       | 3 |  3.8
Armour         | 3 |  3.8
Fighting       | 5 |  5.4
Polearms       | 5 |  5.4
Dodging        | 5 |  5.4
Translocations | |  5.9

Action                   |  1- 3 |  4- 6 |  7- 9 || total
-------------------------+-------+-------+-------++-------
Melee: Spear             |   120 |       |       ||   120
       Bite              |    10 |     6 |     7 ||    23
       Punch             |     1 |     1 |     2 ||     4
       Trident           |    38 |   137 |       ||   175
       Rapier            |       |    74 |    43 ||   117
Throw: Stone             |     2 |     5 |       ||     7
       Dart              |       |       |     5 ||     5
 Cast: Blink             |     1 |       |       ||     1
  Use: Scroll            |       |     7 |       ||     7
       Potion            |       |       |     1 ||     1
 Stab: Sleeping          |       |     6 |       ||     6
Armor: Leather armour    |    43 |    59 |     9 ||   111
Dodge: Dodged            |   129 |   117 |    23 ||   269
